 Dungeon Crawl Stone Soup version 0.21.1-1-g345015fe64 (webtiles) character file.

119166 Htamos the Shatterer (level 15, -2/143 HPs)
             Began as a Minotaur Berserker on July 3, 2018.
             Was a High Priest of Trog.
             Slain by Bapho's ghost (3 damage)
             ... on level 2 of the Orcish Mines.
             The game lasted 01:47:43 (26174 turns).

Htamos the Shatterer (Minotaur Berserker)          Turns: 26174, Time: 01:47:45

Health: -2/143     AC: 22    Str: 30    XL:     15   Next: 96%
Magic:  14/14      EV:  8    Int:  4    God:    Trog [*****.]
Gold:   2460       SH:  0    Dex: 11    Spells: 14/14 levels left

rFire    . . .     SeeInvis .   N - +6 great mace (drain)
rCold    . . .     Gourm    .   (shield currently unavailable)
rNeg     . . .     Faith    .   K - +4 plate armour
rPois    .         Spirit   .   (helmet restricted)
rElec    .         Reflect  .   (no cloak)
rCorr    +         Harm     .   r - +1 pair of gloves {Str+3}
MR       ++++.                  C - +0 pair of boots
Stlth    ..........             x - amulet of regeneration
HPRegen  1.73/turn              y - ring of protection from magic
MPRegen  0.14/turn              X - ring of resist corrosion

@: regenerating, very heavily drained
A: retaliatory headbutt, horns 2
}: 1/15 runes: decaying
a: Berserk, Trog's Hand, Brothers in Arms, Burn Spellbooks, Renounce Religion


You were on level 2 of the Orcish Mines.
You worshipped Trog.
Trog was extremely pleased with you.
You were very hungry.

You visited 5 branches of the dungeon, and saw 25 of its levels.

You collected 2658 gold pieces.
You spent 198 gold pieces at shops.

Inventory:

Hand Weapons
 k - a +0 great mace
 l - the +5 quarterstaff "Empeunul" {holy, +Blink rPois rF++ Dex-4}
   (You took it off an orc priest on level 5 of the Dungeon)

   It has been blessed by the Shining One to cause great damage to the undead
   and demons.
   It affects your dexterity (-4).
   It greatly protects you from fire.
   It protects you from poison.
   It lets you blink.
 N - a +6 great mace of draining (weapon)
 O - a +3 antimagic eveningstar
 U - a +5 antimagic demon whip
 V - a +1 morningstar of freezing
Armour
 r - a +1 pair of gloves of strength (worn)
 C - a +0 pair of boots (worn)
 K - a +4 plate armour (worn)
Jewellery
 u - an uncursed ring of wizardry {unknown}
 w - an uncursed ring of stealth {unknown}
 x - an amulet of regeneration (around neck)
 y - a ring of protection from magic (left hand)
 L - an uncursed ring of ice
 X - a ring of resist corrosion (right hand)
Wands
 g - a wand of paralysis (35)
 q - a wand of random effects (53)
 s - a wand of iceblast (21)
 t - a wand of clouds (7)
 D - a wand of digging (15)
 I - a wand of flame (54)
 J - a wand of enslavement (29)
 M - a wand of acid (15)
 Q - a wand of disintegration (5)
 R - a wand of polymorph (20)
 S - a wand of scattershot (5)
Scrolls
 a - 7 scrolls of remove curse
 m - 12 scrolls of teleportation
 v - 8 scrolls of magic mapping
 W - a scroll of identify
Potions
 b - 2 potions of flight
 d - 3 potions of haste
 f - 5 potions of ambrosia
 h - 5 potions of lignification
 i - a potion of might
 j - 3 potions of cancellation
 n - a potion of resistance
 o - 8 potions of brilliance
 p - 2 potions of invisibility
 z - a potion of curing
 A - 6 potions of agility
 B - 3 potions of magic
 H - 3 potions of berserk rage {unknown}
 T - a potion of mutation
Comestibles
 c - 48 rations


   Skills:
 + Level 15.8(9.9) Fighting
 * Level 22.5(15.8) Maces & Flails
 + Level 16.4(10.5) Armour
 + Level 5.8(1.3) Dodging


You had 14 spell levels left.
You didn't know any spells.

Dungeon Overview and Level Annotations

Branches:
Dungeon (12/15)            Temple (0/1) D:7            Lair (6/6) D:8
  Swamp (4/4) Lair:2        Snake (1/4) Lair:3        Slime (0/5) Lair:5
    Orc (2/2) D:11            Elf (0/3) Orc:2

Altars:
Ashenzari
Elyvilon
Fedhas
Makhleb
Okawaru
Ru
Sif Muna
Trog
Uskayaw
Vehumet
Wu Jian
Yredelemnul
The Shining One
Beogh

Shops:
D:12 %   Orc:1 [   Orc:2 }

Annotations:
Swamp:1 exclusion: Roxanne, Roxanne
Orc:2 Bapho's ghost, journeyman GrBe


Innate Abilities, Weirdness & Mutations

You reflexively headbutt those who attack you in melee.
You have a pair of horns on your head.


Message History

The orc hits you but does no damage. Bapho's ghost hits you!
You feel drained.
You closely miss Bapho's ghost.
You headbutt Bapho's ghost, but do no damage.
Bapho's ghost is almost destroyed.
Bapho's ghost barely misses you. You furiously retaliate!
You headbutt Bapho's ghost, but do no damage.
The orc hits you but does no damage.
You hit Bapho's ghost but do no damage.
Bapho's ghost is almost destroyed.
Bapho's ghost hits you!!
* * * LOW HITPOINT WARNING * * *
You feel drained.
* * * LOW HITPOINT WARNING * * *
Your skin crawls.
You feel resistant to hostile enchantments.
You are feeling very hungry.
The orc hits you but does no damage. Bapho's ghost hits you!!
* * * LOW HITPOINT WARNING * * *
You feel drained.
You die...

...................#
...................##
.............).)....#
..........).).((....#
.........).....(....#
.......))(........(.#
#......[)..........##
#...................#
#.....o@.......(....#
#......W............#
#..................##
....#...............#
...##...............#
...#...............##
###
..##................#
#.##
#.................#
...###
####...............##


You could see Bapho's ghost and an orc.

Vanquished Creatures
  Frances (Swamp:1)
  Gastronok (Lair:3)
  3 thorn hunters
  A frost giant (D:10)
  A stone giant (Orc:2)
  A centaur warrior (D:12)
  23 hydras
  3 catoblepae
  7 alligators
  2 two-headed ogres
  3 death yaks (Lair:6)
  An orc high priest (Orc:2)
  A shock serpent (Snake:1)
  A tengu warrior (D:10)
  24 slime creatures
  11 swamp dragons
  A spriggan druid (Swamp:2)
  2 shambling mangroves (Swamp:4)
  3 lindwurms
  2 orc knights (Orc:2)
  2 deep elf magi (D:12)
  An oklob plant (Lair:6)
  2 orc sorcerers
  A mana viper (Snake:1)
  2 wolf spiders (Lair:6)
  2 manticores (Lair:6)
  2 cyclopes
  2 elephants (Lair:6)
  2 naga magi (Snake:1)
  Maurice (Orc:2)
  7 black mambas
  Psyche (D:11)
  A torpor snail (Lair:6)
  14 spiny frogs
  3 komodo dragons
  7 rime drakes
  The ghost of Pieper the Shield-Bearer, a novice GrFi of Okawaru (D:4)
  3 trolls
  11 polar bears
  8 bog bodies
  Grinder (D:6)
  7 tyrant leeches
  9 hornets
  3 raiju (Lair:6)
  8 hippogriffs
  2 dream sheep (Lair:6)
  A meliai zombie (D:10)
  Sigmund (D:6)
  14 yaks
  3 spriggans
  5 wyverns
  A shadow (Swamp:4)
  4 basilisks
  A hungry ghost (D:8)
  20 vampire mosquitoes
  Edmund (D:6)
  2 steam dragons
  3 insubstantial wisps (Swamp:2)
  7 wargs
  16 swamp worms
  Duvessa (D:6)
  An acid dragon (D:12)
  10 water moccasins
  12 hell hounds (Lair:6)
  3 nagas
  3 ice beasts
  The ghost of Htamos the Ducker, an amateur SpBe of Trog (D:3)
  15 swamp drakes
  6 porcupines
  A hornet zombie (D:9)
  2 sky beasts
  13 black bears
  22 orc warriors
  An eye of draining (D:9)
  2 phantoms
  11 ogres
  21 wolves
  8 centaurs
  3 crocodiles
  2 big kobolds (D:9)
  Blork the orc (D:5)
  A gnoll sergeant (D:12)
  8 bullfrogs
  Dowan (D:6)
  2 wyvern skeletons (D:10)
  7 killer bees
  11 wights
  A howler monkey (D:4)
  4 crimson imps
  A quasit (D:8)
  3 jellies
  13 orc priests
  20 orc wizards
  7 centaur skeletons
  8 hounds
  3 bullfrog skeletons
  3 iguanas
  10 hell rats (Lair:2)
  13 worker ants
  A hound zombie (D:10)
  A hound skeleton (D:5)
  2 worker ant zombies
  8 gnolls
  17 adders
  14 river rats (Lair:2)
  2 shadow imps
  3 oozes
  An adder zombie (D:8)
  5 worms
  3 dart slugs
  8 leopard geckos
  80 orcs
  A ball python (D:1)
  5 giant cockroaches
  4 goblins (D:1)
  9 hobgoblins
  10 jackals
  8 quokkas
  11 bats
  3 frilled lizards
  10 kobolds
  2 leopard gecko skeletons
  2 quokka skeletons (D:5)
  18 rats
  2 briar patches (Swamp:4)
  A plant (Lair:6)
760 creatures vanquished.

Vanquished Creatures (collateral kills)
  A hydra (Swamp:4)
  An orc warrior (D:11)
  A swamp drake (Swamp:4)
  2 orcs (D:11)
5 creatures vanquished.

Vanquished Creatures (others)
  A wizard (D:11)
  2 orcs
  A fungus (Lair:1)
  9 plants (Lair:6)
13 creatures vanquished.

Grand Total: 778 creatures vanquished

Notes
Turn   | Place    | Note
-------+----------+-------------------------------------------
     0 | D:1      | Htamos the Minotaur Berserker began the quest for the Orb.
     0 | D:1      | Reached XP level 1. HP: 19/19 MP: 0/0
    80 | D:1      | Reached skill level 4 in Maces & Flails
    80 | D:1      | Reached XP level 2. HP: 23/27 MP: 1/1
   305 | D:1      | Reached XP level 3. HP: 33/33 MP: 2/2
   557 | D:1      | Reached ** piety under Trog
  1023 | D:2      | Reached skill level 5 in Maces & Flails
  1023 | D:2      | Reached XP level 4. HP: 22/41 MP: 3/3
  1130 | D:2      | Found a blossoming altar of Fedhas.
  1130 | D:2      | Found a hide-covered altar of Uskayaw.
  1586 | D:3      | Noticed Htamos's ghost (amateur SpBe)
  1610 | D:3      | Killed Htamos's ghost
  1610 | D:3      | Reached skill level 5 in Fighting
  1610 | D:3      | Reached skill level 6 in Maces & Flails
  1610 | D:3      | Reached XP level 5. HP: 47/48 MP: 4/4
  1698 | D:3      | Noticed a centaur
  1705 | D:3      | Killed a centaur
  1705 | D:3      | Reached XP level 6. HP: 48/56 MP: 5/5
  2125 | D:4      | Noticed Pieper's ghost (novice GrFi)
  2576 | D:5      | Entered Level 5 of the Dungeon
  2591 | D:4      | Reached skill level 7 in Maces & Flails
  2591 | D:4      | Reached XP level 7. HP: 15/62 MP: 6/6
  2894 | D:4      | Found a sacrificial altar of Ru.
  3013 | D:4      | Found a shattered altar of Ashenzari.
  3078 | D:4      | Reached skill level 5 in Armour
  3907 | D:5      | Reached *** piety under Trog
  4270 | D:5      | Noticed Blork the orc
  4275 | D:5      | Reached skill level 8 in Maces & Flails
  4279 | D:5      | Reached XP level 8. HP: 67/70 MP: 7/7
  4340 | D:5      | Killed Blork the orc
  4529 | D:5      | Got a bloodstained quarterstaff {holy}
  4530 | D:5      | Identified the +5 quarterstaff "Empeunul" {holy, +Blink rPois rF++ Dex-4} (You took it off an orc priest on level 5 of the Dungeon)
  4584 | D:5      | Found an ornate altar of the Wu Jian Council.
  5056 | D:6      | Noticed Grinder
  5057 | D:6      | Paralysed by Grinder for 4 turns
  5108 | D:6      | Killed Grinder
  5117 | D:6      | Reached skill level 9 in Maces & Flails
  5318 | D:6      | Found a basalt altar of Yredelemnul.
  5379 | D:6      | Noticed Dowan
  5381 | D:6      | Noticed Duvessa
  5395 | D:6      | Reached **** piety under Trog
  5404 | D:6      | Killed Duvessa
  5417 | D:6      | Killed Dowan
  5479 | D:6      | Reached XP level 9. HP: 62/79 MP: 8/8
  5796 | D:6      | Noticed Edmund
  5803 | D:6      | Killed Edmund
  5839 | D:6      | Noticed Sigmund
  5848 | D:6      | Killed Sigmund
  6076 | D:4      | Killed Pieper's ghost
  6190 | D:7      | Found a staircase to the Ecumenical Temple.
  6334 | D:7      | Reached skill level 10 in Maces & Flails
  6529 | D:7      | Reached skill level 10 in Armour
  6612 | D:8      | Noticed a two-headed ogre
  6623 | D:8      | Killed a two-headed ogre
  6646 | D:8      | Found a basalt altar of Yredelemnul.
  6737 | D:9      | Reached XP level 10. HP: 87/91 MP: 9/9
  6940 | D:8      | Reached skill level 11 in Maces & Flails
  6955 | D:8      | Reached ***** piety under Trog
  7048 | D:8      | Found a staircase to the Lair.
  7417 | D:8      | Found a deep blue altar of Sif Muna.
  7422 | D:8      | Found a burning altar of Makhleb.
  7426 | D:8      | Found a white marble altar of Elyvilon.
  7547 | D:9      | Found a glowing golden altar of the Shining One.
  7549 | D:9      | Noticed an angel
  7571 | D:9      | Found a basalt altar of Yredelemnul.
  7573 | D:9      | Noticed a profane servitor
  7712 | D:9      | Noticed a two-headed ogre
  7727 | D:9      | Killed a two-headed ogre
  7727 | D:9      | Reached skill level 12 in Maces & Flails
  8201 | D:9      | Found a radiant altar of Vehumet.
  8422 | D:9      | Reached skill level 13 in Maces & Flails
  8755 | D:9      | Noticed a cyclops
  8766 | D:9      | Killed a cyclops
  8766 | D:9      | Reached XP level 11. HP: 50/99 MP: 10/10
  8876 | D:9      | Reached skill level 10 in Fighting
  8901 | D:9      | Received a gift from Trog
  9098 | D:10     | Entered Level 10 of the Dungeon
  9433 | D:10     | Noticed a tengu warrior
  9447 | D:10     | Killed a tengu warrior
  9643 | D:10     | Reached skill level 14 in Maces & Flails
  9840 | D:10     | Noticed a frost giant
  9858 | D:10     | Killed a frost giant
 10286 | D:11     | Reached skill level 15 in Maces & Flails
 10380 | D:11     | Noticed Psyche
 10398 | D:11     | Killed Psyche
 10564 | D:11     | Found a bloodstained altar of Trog.
 10565 | D:11     | Noticed a wizard
 10570 | D:11     | Killed a wizard
 10742 | D:11     | Found a staircase to the Orcish Mines.
 10905 | D:11     | Reached XP level 12. HP: 108/108 MP: 11/11
 10926 | D:12     | Found Tuud's Food Shop.
 10974 | D:12     | Reached skill level 16 in Maces & Flails
 11044 | D:12     | Reached skill level 5 in Dodging
 11329 | D:12     | Found an iron altar of Okawaru.
 11329 | D:12     | Noticed a centaur warrior
 11355 | D:12     | Killed a centaur warrior
 12143 | Lair:1   | Entered Level 1 of the Lair of Beasts
 12160 | Lair:1   | Reached ****** piety under Trog
 12311 | Lair:1   | Received a gift from Trog
 12315 | Lair:1   | Reached skill level 17 in Maces & Flails
 13450 | Lair:2   | Found a staircase to the Swamp.
 14256 | Lair:3   | Found a staircase to the Snake Pit.
 14583 | Lair:3   | Noticed Gastronok
 14612 | Lair:3   | Killed Gastronok
 15600 | Lair:5   | Reached skill level 18 in Maces & Flails
 15672 | Lair:5   | Reached XP level 13. HP: 110/117 MP: 12/12
 15725 | Lair:5   | Found a staircase to the Slime Pits.
 15737 | Lair:5   | Received a gift from Trog
 16488 | Lair:6   | Entered Level 6 of the Lair of Beasts
 16914 | Lair:6   | Reached skill level 19 in Maces & Flails
 17572 | Lair:6   | Reached skill level 20 in Maces & Flails
 17607 | Lair:6   | Reached XP level 14. HP: 71/127 MP: 13/13
 17722 | Lair:6   | Received a gift from Trog
 18142 | Swamp:1  | Entered Level 1 of the Swamp
 18285 | Swamp:1  | Received a gift from Trog
 18625 | Swamp:1  | Noticed Frances
 18646 | Swamp:1  | Killed Frances
 18728 | Swamp:1  | Noticed Roxanne
 19585 | Swamp:2  | Reached skill level 21 in Maces & Flails
 19900 | Swamp:2  | You fall through a shaft!
 19900 | Swamp:3  | Noticed a thorn hunter
 19906 | Swamp:3  | Killed a thorn hunter
 20423 | Swamp:3  | Reached skill level 15 in Armour
 20984 | Swamp:4  | Entered Level 4 of the Swamp
 21317 | Swamp:4  | Reached XP level 15. HP: 139/139 MP: 14/14
 21826 | Swamp:4  | Received a gift from Trog
 22072 | Swamp:4  | Noticed a thorn hunter
 22094 | Swamp:4  | Killed a thorn hunter
 22534 | Swamp:4  | Reached skill level 15 in Fighting
 22699 | Swamp:4  | Reached skill level 22 in Maces & Flails
 22981 | Swamp:4  | Paralysed by a hornet for 1 turns
 22993 | Swamp:4  | Paralysed by a hornet for 3 turns
 23175 | Swamp:4  | Noticed a thorn hunter
 23205 | Swamp:4  | Killed a thorn hunter
 23448 | Swamp:4  | Got a decaying rune of Zot
 23967 | Snake:1  | Entered Level 1 of the Snake Pit
 24865 | Orc:1    | Entered Level 1 of the Orcish Mines
 24865 | Orc:1    | Found Xuyta Dyun's Armour Emporium.
 25160 | D:11     | Received a gift from Trog
 25256 | Orc:1    | Bought a +1 pair of gloves of strength for 198 gold pieces
 25524 | Orc:2    | Entered Level 2 of the Orcish Mines
 25546 | Orc:2    | Found Nene's Gadget Emporium.
 25592 | Orc:2    | Noticed Maurice
 25601 | Orc:2    | Killed Maurice
 25857 | Orc:2    | Found a roughly hewn altar of Beogh.
 25869 | Orc:2    | Found a staircase to the Elven Halls.
 26152 | Orc:2    | Noticed Bapho's ghost (journeyman GrBe)
 26174 | Orc:2    | HP: 1/143 [Bapho's ghost (22)]
 26174 | Orc:2    | Slain by Bapho's ghost

Skill      XL: |  1  2  3  4  5  6  7  8  9 10 11 12 13 14 15 |
---------------+----------------------------------------------+-----
Maces & Flails | 4 5 6 7 8 9 10 13 15 18 20 21 22 | 22.5
Fighting       | 4 5 6 7 9 10 11 12 14 15 | 15.8
Armour         | 3 4 6 8 10 11 12 13 15 16 | 16.4
Dodging        | 3 4 5 |  5.8

Action                   |  1- 3 |  4- 6 |  7- 9 | 10-12 | 13-15 || total
-------------------------+-------+-------+-------+-------+-------++-------
Melee: Mace              |    88 |    95 |   165 |       |       ||   348
       Headbutt          |    11 |    18 |    60 |   186 |   282 ||   557
       Quarterstaff      |       |       |    96 |    56 |    29 ||   181
       Flail             |       |       |    65 |   110 |       ||   175
       Great mace        |       |       |     5 |   285 |  1027 ||  1317
       Unarmed           |       |       |       |     1 |       ||     1
       Morningstar       |       |       |       |   198 |       ||   198
       Dire flail        |       |       |       |    48 |    15 ||    63
       Demon whip        |       |       |       |    28 |       ||    28
       Eveningstar       |       |       |       |       |    25 ||    25
Invok: Trog's Hand       |       |     1 |     1 |       |     4 ||     6
       Berserk           |       |       |     1 |     2 |    10 ||    13
       Burn Spellbooks   |       |       |       |     1 |     3 ||     4
       Brothers in Arms  |       |       |       |       |     2 ||     2
Evoke: Wand              |       |       |       |       |    18 ||    18
  Use: Scroll            |       |       |    15 |     6 |    30 ||    51
       Potion            |       |       |       |     1 |    17 ||    18
 Stab: Distracted        |       |       |       |       |     1 ||     1
       Petrified         |       |       |       |       |     1 ||     1
  Eat: Chunk             |       |     6 |    10 |    24 |    23 ||    63
       Ration            |       |       |     1 |     2 |     7 ||    10
Armor: Animal skin       |    14 |       |       |       |       ||    14
       Chain mail        |       |    68 |   112 |       |       ||   180
       Plate armour      |       |       |    48 |   434 |   755 ||  1237
       Skin              |       |       |       |       |     1 ||     1
Dodge: Dodged            |    50 |    30 |   123 |   319 |   594 ||  1116
